 Dungeon Crawl Stone Soup version 0.16.2-12-gd0ad4c3 (webtiles) character file.

246 dvd the Insei (level 6, -17/43 HPs)
             Began as an Octopode Monk on Nov 1, 2015.
             Demolished by an ogre
             ... wielding a +0 giant club
              (29 damage)
             ... on level 4 of the Dungeon.
             The game lasted 00:09:29 (2643 turns).

dvd the Insei (Octopode Monk)                       Turns: 2643, Time: 00:09:30

Health: -17/43     AC:  1    Str: 11    XL:     6   Next: 11%
Magic:  6/6        EV: 14    Int: 14    God:
Gold:   90         SH:  0    Dex: 14    Spells: 0 memorised, 5 levels left

rFire  . . .     SeeInvis .       - Unarmed
rCold  . . .     Clarity  .     (no shield)
rNeg   . . .     SustAb   .     (helmet restricted)
rPois  .         Gourm    .     (no amulet)
rElec  .         Spirit   .     k - ring of wizardry
rCorr  .         Warding  .     (no ring)
rMut   .         Stasis   .     (no ring)
MR     .....                    (no ring)
Stlth  ++++......               (no ring)
                                (no ring)
                                (no ring)
                                (no ring)

@: not resistant to hostile enchantments, stealthy
A: almost no armour, amphibious, 8 rings, constrict 8, camouflage 1, gelatinous
body 1
a: no special abilities


You were on level 4 of the Dungeon.
You were not hungry.

You visited 1 branch of the dungeon, and saw 4 of its levels.

You collected 90 gold pieces.

Inventory:

Missiles
 m - 3 javelins (quivered)
Jewellery
 k - a ring of wizardry (left tentacle)
Magical devices
 g - a wand of random effects (38)
Scrolls
 a - 6 scrolls of identify {unknown}
 c - 3 scrolls of fog {unknown}
 d - a scroll of magic mapping {unknown}
 e - a scroll of teleportation {unknown}
 h - a scroll of enchant armour {unknown}
 i - 2 scrolls of recharging {unknown}
 l - a scroll of fear {unknown}
 n - a scroll of remove curse {unknown}
Potions
 f - a potion of restore abilities {unknown}
 o - a potion of brilliance {unknown}
 p - a potion of curing {unknown}
Comestibles
 b - a bread ration
 j - 6 fruits


   Skills:
 + Level 3.8 Fighting
 + Level 2.0 Throwing
 + Level 4.1 Dodging
 + Level 3.8 Stealth
 + Level 5.2 Unarmed Combat


You had 5 spell levels left.
You didn't know any spells.

Dungeon Overview and Level Annotations

Branches:
Dungeon (4/15)
 Temple: D:4-7

Altars:
Makhleb
Xom


Innate Abilities, Weirdness & Mutations

You cannot wear most types of armour.
You are amphibious.
You can wear up to eight rings at the same time.
You can use your tentacles to constrict many enemies at once.
Your skin changes colour to match your surroundings (Stealth).
Your rubbery body absorbs attacks (AC +1).


Message History

The ogre is heavily wounded.
The ogre hits you with a giant club.
You tentacle-slap the ogre but do no damage.
The ogre is heavily wounded.
The ogre hits you with a giant club!!
Ouch! That really hurt!
You bludgeon the ogre!
The ogre is severely wounded.
The ogre hits you with a giant club!
* * * LOW HITPOINT WARNING * * *
You barely miss the ogre.
The ogre is severely wounded.
You tentacle-slap the ogre.
The ogre is severely wounded.
The ogre completely misses you.
You barely miss the ogre.
The ogre is severely wounded.
The ogre hits you with a giant club!!
Ouch! That really hurt!
You die...

##..............##.....#
...........<.....#.....#
...........)...........+
.......................#
.......................# .
.[..................#.###...
.....................<......
.....?...............)####..
........(O@...........#
.....................#
....................#
...................#
...................####
.........................#
..........................##
.............................
#.............................


You could see an ogre.

Vanquished Creatures
  Sigmund (D:4)
  A worker ant (D:4)
  An iguana (D:4)
  2 hound skeletons (D:4)
  Robin (D:3)
  An adder (D:3)
  2 worms (D:3)
  7 giant geckos
  An orc (D:3)
  2 bat skeletons (D:4)
  5 hobgoblins
  7 jackals
  4 kobolds
  A ball python (D:2)
  5 bats
  3 giant newts
  15 goblins
  5 rats
64 creatures vanquished.

Notes
Turn   | Place    | Note
--------------------------------------------------------------
     0 | D:1      | dvd, the Octopode Monk, began the quest for the Orb.
     0 | D:1      | Reached XP level 1. HP: 16/16 MP: 1/1
   198 | D:1      | Reached XP level 2. HP: 21/21 MP: 2/2
   611 | D:2      | Found a shimmering altar of Xom.
   611 | D:2      | Found a burning altar of Makhleb.
   685 | D:2      | Reached XP level 3. HP: 21/26 MP: 3/3
  1109 | D:3      | Noticed Robin
  1119 | D:3      | Killed Robin
  1358 | D:3      | Reached XP level 4. HP: 31/31 MP: 4/4
  1824 | D:3      | Reached skill level 1 in Throwing
  2169 | D:4      | Reached XP level 5. HP: 29/36 MP: 5/5
  2182 | D:4      | Noticed an ogre
  2325 | D:4      | Reached skill level 5 in Unarmed Combat
  2365 | D:4      | Noticed Sigmund
  2412 | D:4      | Killed Sigmund
  2412 | D:4      | Reached XP level 6. HP: 13/43 MP: 6/6
  2643 | D:4      | Demolished by an ogre

Action                   |  1- 3 |  4- 6 || total
-------------------------+-------+-------++-------
Melee: Unarmed           |    42 |    72 ||   114
Throw: Javelin           |    32 |    20 ||    52
 Stab: Sleeping          |     1 |     2 ||     3
  Eat: Chunk             |     1 |     3 ||     4
       Fruit             |       |     1 ||     1
